 Dungeon Crawl Stone Soup version 0.27.0-1-g7a089689b8 (webtiles) character file.

Game seed: 4123717061695700718

194651 SnakkuSnakku7 the Thaumaturge (level 18, -4/138 HPs)
             Began as a Gnoll Earth Elementalist on Aug 11, 2021.
             Was a High Priest of Vehumet.
             Killed by the air
             ... invoked by a spriggan air mage
              (19 damage)
             ... on level 2 of the Depths.
             The game lasted 00:48:26 (19078 turns).

SnakkuSnakku7 the Thaumaturge (GnEE)               Turns: 19078, Time: 00:48:26

Health: -4/138     AC: 17    Str:  8    XL:     18   Next: 76%
Magic:  19/34      EV: 17    Int: 26    God:    Vehumet [*****.]
Gold:   1027       SH: 11    Dex: 15    Spells: 12/41 levels left

rFire    + + +     SeeInvis +   J - staff of fire
rCold    x . .     Faith    .   Q - +0 kite shield {rPois}
rNeg     . . .     Spirit   .   N - +3 leather armour {rF+}
rPois    +         Reflect  .   K - +2 helmet {SInv}
rElec    .         Harm     .   w - +0 cloak
rCorr    .         Rampage  .   s - +2 pair of gloves
Will     +....                  D - +0 pair of boots
Stlth    +++++.....             x - amulet of magic regeneration
HPRegen  0.33/turn              l - +6 ring of intelligence
MPRegen  0.49/turn              S - ring of fire

@: no status effects
A: fangs 1, strong nose, distributed training
a: Renounce Religion


You were on level 2 of the Depths.
You worshipped Vehumet.
Vehumet was extremely pleased with you.
You visited 3 branches of the dungeon, and saw 18 of its levels.
You also visited: Gauntlet.

You collected 1662 gold pieces.
You spent 635 gold pieces at shops.

Inventory:

Missiles
 F - 2 throwing nets
Armour
 s - a +2 pair of gloves (worn)
 w - a +0 cloak (worn)
 D - a +0 pair of boots (worn)
 K - a +2 helmet of see invisible (worn)
 N - a +3 leather armour of fire resistance (worn)
 Q - a +0 kite shield of poison resistance (worn)
Magical Staves
 b - a staff of cold
 o - a staff of conjuration
 J - a staff of fire (weapon)
Jewellery
 c - a ring of wizardry
 l - a +6 ring of intelligence (left hand)
 t - a ring of poison resistance
 x - an amulet of magic regeneration (around neck)
 I - the ring "Ratyabli" {Ice rElec Will+++ rCorr MP+9 Stlth-}
   (You found it in a Gauntlet)

   [ring of ice]

   It enhances your ice magic.
   rF:        It makes you vulnerable to fire.
   rC:        It protects you from cold.
   rElec:     It insulates you from electricity.
   MP:        It affects your magic capacity (+9).
   rCorr:     It protects you from acid and corrosion.
   Will:      It greatly increases your willpower.
   Stlth:     It makes you less stealthy.
 S - a ring of fire (right hand)
 T - a ring of flight
Wands
 m - a wand of mindburst (5)
 p - a wand of digging (9)
 B - a wand of flame (17)
 M - a wand of iceblast (38)
 R - a wand of charming (5)
 V - a wand of paralysis (9)
Scrolls
 e - 5 scrolls of magic mapping
 f - 3 scrolls of enchant weapon
 g - a scroll of identify
 h - a scroll of amnesia
 i - a scroll of brand weapon
 u - a scroll of holy word
 y - 9 scrolls of teleportation
 H - 4 scrolls of immolation
 W - a scroll of enchant armour
Potions
 a - 2 potions of invisibility
 d - 3 potions of might
 j - a potion of brilliance
 k - 2 potions of attraction
 n - 2 potions of cancellation
 q - 5 potions of lignification
 r - 6 potions of flight
 v - 3 potions of magic
 z - 2 potions of heal wounds
 A - a potion of mutation
 E - 5 potions of curing
 G - 2 potions of haste
 L - 2 potions of resistance
 P - 2 potions of ambrosia
 U - 2 potions of berserk rage
Miscellaneous
 C - a condenser vane


   Skills:
 + Level 11.4 Fighting
 + Level 11.4 Short Blades
 + Level 11.4 Long Blades
 + Level 11.4 Axes
 + Level 11.4 Maces & Flails
 + Level 11.4 Polearms
 + Level 11.4 Staves
 + Level 11.4 Slings
 + Level 11.4 Bows
 + Level 11.4 Crossbows
 + Level 11.4 Throwing
 + Level 11.4 Armour
 + Level 12.2 Dodging
 + Level 12.1 Stealth
 + Level 11.4 Shields
 + Level 11.4 Unarmed Combat
 + Level 12.3 Spellcasting
 + Level 9.7 Conjurations
 + Level 9.7 Hexes
 + Level 9.7 Summonings
 + Level 9.7 Necromancy
 + Level 9.7 Translocations
 + Level 10.0 Transmutations
 + Level 9.7 Fire Magic
 + Level 9.7 Ice Magic
 + Level 9.7 Air Magic
 + Level 11.1 Earth Magic
 + Level 9.7 Poison Magic
 + Level 12.3 Invocations
 + Level 11.4 Evocations


You had 12 spell levels left.
You knew the following spells:

 Your Spells              Type           Power      Damage    Failure   Level
a - Bolt of Magma         Conj/Fire/Erth 50%        4d20      1%          5
b - Sandblast             Erth           100%       2d20      1%          1
c - Airstrike             Air            30%        N/A       1%          4
d - Stone Arrow           Conj/Erth      100%       3d13      1%          3
e - Starburst             Conj/Fire      50%        8x6d14    5%          6
f - Lee's Rapid Deconstr  Erth           32%        3d18*     1%          5
z - Iskenderun's Battles  Conj           61%        2d11      1%          5

Your spell library contained the following spells:

 Spells                   Type           Power      Damage    Failure   Level
 Apportation              Tloc           100%       N/A       1%          1
 Foxfire                  Conj/Fire      100%       2x1d9     1%          1
 Ensorcelled Hibernation  Hex/Ice        100%       N/A       1%          2
 Passwall                 Tmut/Erth      52%        N/A       1%          2
 Slow                     Hex            61%        N/A       1%          2
 Static Discharge         Conj/Air       61%        N/A       1%          2
 Confusing Touch          Hex            61%        N/A       1%          3
 Conjure Flame            Conj/Fire      100%       6-21      1%          3
 Ignite Poison            Fire/Tmut/Pois 100%       N/A       1%          3
 Inner Flame              Hex/Fire       100%       N/A       1%          3
 Mephitic Cloud           Conj/Pois/Air  61%        N/A       1%          3
 Ozocubu's Armour         Ice            61%        N/A       1%          3
 Spider Form              Tmut/Pois      30%        N/A       1%          3
 Fulminant Prism          Conj/Hex       30%        3d16      1%          4
 Iskenderun's Mystic Bla  Conj/Tloc      61%        2d13      1%          4
 Petrify                  Tmut/Erth      63%        N/A       1%          4
 Fireball                 Conj/Fire      50%        3d20      1%          5
 Lightning Bolt           Conj/Air       30%        1d47      1%          5
 Yara's Violent Unravell  Hex/Tmut       30%        3d13      1%          5
 Alistair's Intoxication  Tmut/Pois      40%        N/A       3%          5
 Statue Form              Tmut/Erth      42%        N/A       16%         6
 Invisibility             Hex            30%        N/A       21%         6
 Shadow Creatures         Summ           N/A        N/A       21%         6
 Ozocubu's Refrigeration  Ice            30%        4d11      28%         7
 Dragon Form              Tmut           31%        N/A       71%         7
 Ignition                 Fire           50%        3d14      88%         8
 Maxwell's Capacitive Co  Air            30%        ∞         88%         8
 Shatter                  Erth           32%        3d26*     100%        9


Dungeon Overview and Level Annotations

Branches:
Dungeon (15/15)            Temple (1/1) D:4            Lair (0/6) D:8
    Orc (0/2) D:12         Vaults (0/5) D:14         Depths (2/5) D:15
Gauntlet (visited)

Altars:
Ashenzari
Cheibriados
Dithmenos
Fedhas
Gozag
Hepliaklqana
Kikubaaqudgha
Makhleb
Nemelex Xobeh
Okawaru
Qazlal
Ru
Trog
Uskayaw
Vehumet
Wu Jian
Xom
Yredelemnul
Zin

Shops:
D:3 [   D:7 [   D:9 !   D:11 =

Portals:
Hell: Depths:1 Depths:2
Abyss: Depths:2
Ziggurat: Depths:2
Trove: D:13 (give 6 scrolls of fog)

Annotations:
D:11 2 transporters, MeatGrinder's ghost, journeyman HuBe
Depths:2 Aizul


Innate Abilities, Weirdness & Mutations

You have very sharp teeth.
Your uncanny sense of smell can sniff out nearby items.
Your experience applies equally to all skills.


Message History

Press: ? - help, Q - select action, (/) - cycle Shift-Dir - straight line, f - tengu warrior
Aim: a tengu warrior, wielding a +0 war axe, wearing a +0 ring mail and wearing a +0 kite shield (wandering, hasn't noticed you, 60% to hit)
You feel a strong surge of power!
The bolt of magma hits the tengu warrior!!!
The tengu warrior is almost dead.
Aiming: Bolt of Magma (mildly dangerous; 1% risk of failure)
Press: ? - help, Q - select action, (/) - cycle Shift-Dir - straight line, f/p - tengu warrior
Aim: a tengu warrior, wielding a +0 war axe, wearing a +0 ring mail and wearing a +0 kite shield (almost dead, 60% to hit)
You feel a strong surge of power!
The bolt of magma hits the tengu warrior!!!
You kill the tengu warrior!
Vehumet accepts your kill.
You feel your power returning.
The spriggan air mage waves its arms in wide circles.
The air twists around and strikes you!
* * * LOW HITPOINT WARNING * * *
Things that are here:
a +0 war axe; a +0 ring mail; a +0 kite shield Unknown command.
Okay, then.
Casting: Bolt of Magma (mildly dangerous; 1% risk of failure)
Confirm with . or Enter, or press ? or * to list all spells.
Aiming: Lee's Rapid Deconstruction (mildly dangerous; 1% risk of failure)
Press: ? - help, Dir - move target A metal wall.
The metal wall shatters!
The blast of metal fragments hits the spriggan air mage!!
The spriggan air mage is severely wounded.
The tengu warrior shouts!
You hear a shout!
The spriggan air mage waves its arms in wide circles.
The air twists around and strikes you!
* * * LOW HITPOINT WARNING * * *
Unknown command.
You feel much better.
The spriggan air mage waves its arms in wide circles.
The air twists around and strikes you!!
* * * LOW HITPOINT WARNING * * *
The spriggan air mage waves its arms in wide circles.
The air twists around and strikes you!!
You die...

#∩._...........8.....#
#.....†......#...#...#
#)§.8.8.8.8...#.#....#
..##............Q......#
...##...........i......#
....###[...(...........#
...(###''...8).......8.#
...##.).''##......)....#
..##......#####'@#######
.##.......# ##....##
'#)......## #8....8#
'.......## ##..).##
.......## #8....8#
......## ##....##
....⌠## #8....8# ...[##
##....## ..### #8....8#


You could see a tengu warrior and a spriggan air mage (repels missiles).

Vanquished Creatures
  A juggernaut (Depths:2)
  A golden dragon (shapeshifter) (D:8)
  A tentacled monstrosity (Depths:2)
  A fire giant (Depths:2)
  A balrug (Depths:2)
  3 frost giants
  The ghost of Qewoiqon the Sorcerer, an adept DECj of Sif Muna (D:15)
  A war gargoyle (Depths:2)
  4 stone giants (Depths:2)
  A reaper (Depths:2)
  Nessos (D:12)
  A deep elf demonologist (Depths:2)
  A minotaur (Gauntlet)
  A blizzard demon (Depths:2)
  A dire elephant (D:15)
  A merfolk impaler (Depths:1)
  4 ettins
  3 fire dragons
  4 great orbs of eyes
  4 deep elf high priests (Depths:2)
  Harold (D:7)
  8 vault guards (D:14)
  3 centaur warriors
  2 boulder beetles
  2 ice dragons
  7 hydras
  2 rakshasas
  2 catoblepae (D:13)
  A death knight (D:15)
  5 two-headed ogres
  A hell hog (Depths:2)
  11 tengu warriors
  A vampire mage (Depths:1)
  2 deep troll earth magi
  2 spriggans (Depths:2)
  4 spriggan berserkers (Depths:2)
  3 soul eaters (Depths:2)
  A deep elf knight (D:14)
  A spark wasp zombie (Depths:1)
  9 iron trolls
  3 skeletal warriors (Depths:2)
  3 sun demons
  2 shadow wraiths (Depths:2)
  4 glowing orange brains
  2 deep trolls (D:15)
  A wizard (D:15)
  2 quicksilver dragon simulacra (Depths:2)
  Pikel (D:6)
  A necromancer (Depths:1)
  3 deep elf pyromancers
  3 manticores (D:15)
  6 ugly things
  A wolf spider (D:14)
  5 cyclopes
  A salamander (D:15)
  An orb spider (shapeshifter) (D:14)
  An ice statue (Depths:2)
  2 gargoyles
  Maggie (D:10)
  2 freezing wraiths
  2 unseen horrors
  A spriggan skeleton (Depths:1)
  2 kobold demonologists
  2 komodo dragons (D:12)
  2 efreet (D:13)
  A yaktaur (D:15)
  5 ice devils
  4 tengu conjurers
  A spark wasp simulacrum (Depths:1)
  2 trolls
  3 meliai (D:14)
  2 wolf spider simulacra (D:15)
  3 hornets
  18 slime creatures
  Sigmund (D:3)
  16 yaks
  5 centaur simulacra (D:15)
  A water elemental (Depths:1)
  3 wraiths (D:15)
  A shadow (D:11)
  A wyvern (D:10)
  A basilisk (shapeshifter) (D:12)
  A basilisk (D:15)
  Grum (D:9)
  A warg (D:12)
  A spriggan simulacrum (Depths:1)
  8 vampire mosquitoes
  A water moccasin (D:5)
  A floating eye (Depths:2)
  9 orc warriors
  2 black bears
  4 ettin simulacra (Depths:2)
  2 necrophages (D:6)
  2 wolves (D:9)
  A sky beast (D:6)
  2 ogres (D:5)
  2 centaurs
  A lemure (D:6)
  A phantom (D:6)
  A kobold brigand (D:7)
  A bullfrog (D:8)
  A gnoll sergeant (D:8)
  A scorpion (shapeshifter) (Depths:2)
  4 scorpions
  2 water moccasin skeletons
  3 killer bees (D:8)
  3 wights (D:10)
  9 howler monkeys
  A bullfrog zombie (D:6)
  9 orc priests
  3 centaur zombies
  4 hounds
  A jelly (D:6)
  A bullfrog skeleton (D:5)
  7 iguanas
  Natasha (twice) (D:4)
  Ijyb (D:3)
  12 orc wizards
  3 killer bee zombies
  9 gnolls
  4 adders
  A shadow imp (D:7)
  A white imp (D:7)
  3 ufetubi
  2 worms
  2 dart slugs
  53 orcs
  7 endoplasms
  A giant cockroach (D:4)
  5 goblins
  9 hobgoblins
  12 jackals
  5 quokkas
  9 ball pythons
  4 bats
  2 frilled lizards
  6 kobolds
  3 rats
473 creatures vanquished.

Vanquished Creatures (others)
  2 hell hogs
  A deep elf pyromancer (D:15)
  2 demonic plants (Gauntlet)
5 creatures vanquished.

Grand Total: 478 creatures vanquished

Notes
Turn   | Place    | Note
-------+----------+-------------------------------------------
     0 | D:1      | SnakkuSnakku7 the Gnoll Earth Elementalist began the quest
                  | for the Orb.
     0 | D:1      | Reached XP level 1. HP: 13/13 MP: 6/6
   130 | D:1      | Reached XP level 2. HP: 19/19 MP: 3/7
   450 | D:1      | Found a faded altar of an unknown god.
   495 | D:1      | Reached XP level 3. HP: 25/25 MP: 7/9
   622 | D:1      | Reached skill level 5 in Spellcasting
   786 | D:2      | Learned a level 3 spell: Stone Arrow
   987 | D:2      | Reached skill level 1 in Invocations
  1348 | D:3      | Noticed Ijyb
  1356 | D:3      | Killed Ijyb
  1357 | D:3      | Reached skill level 1 in Fighting
  1357 | D:3      | Reached skill level 1 in Short Blades
  1357 | D:3      | Reached skill level 1 in Long Blades
  1357 | D:3      | Reached skill level 1 in Axes
  1357 | D:3      | Reached skill level 1 in Maces & Flails
  1357 | D:3      | Reached skill level 1 in Polearms
  1357 | D:3      | Reached skill level 1 in Staves
  1357 | D:3      | Reached skill level 1 in Slings
  1357 | D:3      | Reached skill level 1 in Bows
  1357 | D:3      | Reached skill level 1 in Crossbows
  1357 | D:3      | Reached skill level 1 in Throwing
  1357 | D:3      | Reached skill level 1 in Armour
  1357 | D:3      | Reached skill level 1 in Shields
  1357 | D:3      | Reached skill level 1 in Unarmed Combat
  1357 | D:3      | Reached skill level 1 in Evocations
  1357 | D:3      | Reached XP level 4. HP: 2/32 MP: 4/11
  1381 | D:3      | Found Abeum's Antique Armour Emporium.
  1757 | D:3      | Reached skill level 1 in Conjurations
  1757 | D:3      | Reached skill level 1 in Hexes
  1757 | D:3      | Reached skill level 1 in Summonings
  1757 | D:3      | Reached skill level 1 in Necromancy
  1757 | D:3      | Reached skill level 1 in Translocations
  1757 | D:3      | Reached skill level 1 in Fire Magic
  1757 | D:3      | Reached skill level 1 in Ice Magic
  1757 | D:3      | Reached skill level 1 in Air Magic
  1757 | D:3      | Reached skill level 1 in Poison Magic
  1763 | D:3      | Noticed Sigmund
  1771 | D:3      | Killed Sigmund
  1772 | D:3      | Reached XP level 5. HP: 30/38 MP: 3/12
  1772 | D:3      | Reached XP level 6. HP: 34/44 MP: 3/13
  1951 | D:3      | Found a sparkling altar of Nemelex Xobeh.
  2189 | D:4      | Found a staircase to the Ecumenical Temple.
  2205 | Temple   | Entered the Ecumenical Temple
  2212 | Temple   | Became a worshipper of Vehumet
  2227 | D:4      | Reached skill level 5 in Dodging
  2424 | D:4      | Reached XP level 7. HP: 38/50 MP: 3/15
  2451 | D:4      | Noticed Natasha
  2455 | D:4      | Killed Natasha
  3056 | D:4      | Found a broken altar of Ashenzari.
  3058 | D:4      | Noticed Natasha
  3061 | D:4      | Killed Natasha
  3062 | D:4      | Reached skill level 5 in Stealth
  3493 | D:5      | Entered Level 5 of the Dungeon
  3511 | D:5      | Found a snail-covered altar of Cheibriados.
  3511 | D:5      | Found a hazy altar of Hepliaklqana.
  3591 | D:5      | Reached * piety under Vehumet
  3591 | D:5      | Offered knowledge of Freeze by Vehumet.
  3592 | D:5      | Reached XP level 8. HP: 11/57 MP: 1/16
  3970 | D:5      | Found an ancient bone altar of Kikubaaqudgha.
  4311 | D:6      | Noticed a boulder beetle
  4477 | D:6      | Reached XP level 9. HP: 65/65 MP: 18/18
  4542 | D:6      | Noticed a kobold demonologist
  4569 | D:6      | Offered knowledge of Foxfire by Vehumet.
  4584 | D:6      | Killed a kobold demonologist
  4585 | D:6      | Reached ** piety under Vehumet
  4759 | D:6      | Killed a boulder beetle
  4760 | D:6      | Reached skill level 5 in Invocations
  4829 | D:6      | Noticed Pikel
  4844 | D:6      | Killed Pikel
  4845 | D:6      | Reached XP level 10. HP: 50/73 MP: 8/20
  5022 | D:7      | Reached skill level 5 in Fighting
  5022 | D:7      | Reached skill level 5 in Short Blades
  5022 | D:7      | Reached skill level 5 in Long Blades
  5022 | D:7      | Reached skill level 5 in Axes
  5022 | D:7      | Reached skill level 5 in Maces & Flails
  5022 | D:7      | Reached skill level 5 in Polearms
  5022 | D:7      | Reached skill level 5 in Staves
  5022 | D:7      | Reached skill level 5 in Slings
  5022 | D:7      | Reached skill level 5 in Bows
  5022 | D:7      | Reached skill level 5 in Crossbows
  5022 | D:7      | Reached skill level 5 in Throwing
  5022 | D:7      | Reached skill level 5 in Armour
  5022 | D:7      | Reached skill level 5 in Shields
  5022 | D:7      | Reached skill level 5 in Unarmed Combat
  5022 | D:7      | Reached skill level 5 in Evocations
  5057 | D:7      | Found Joemm's Antique Armour Emporium.
  5124 | D:7      | Offered knowledge of Ignite Poison by Vehumet.
  5155 | D:7      | Identified the +1 leather armour "Mojah" {Str+6}
  5308 | D:7      | Found a glowing silver altar of Zin.
  5424 | D:7      | Noticed Harold
  5446 | D:7      | Killed Harold
  5574 | D:7      | Reached *** piety under Vehumet
  5576 | D:7      | Found an ornate altar of the Wu Jian Council.
  5626 | D:8      | Found a staircase to the Lair.
  5627 | D:8      | Noticed a fire dragon
  5682 | D:8      | Reached skill level 5 in Transmutations
  5699 | D:8      | HP: 1/74 [hornet (6)]
  6117 | D:8      | Noticed an eleionoma
  6118 | D:8      | Noticed a fenstrider witch
  6118 | D:8      | an eleionoma changed into a fenstrider witch
  6123 | D:8      | Noticed an iron dragon
  6123 | D:8      | a fenstrider witch changed into an iron dragon
  6248 | D:9      | Offered knowledge of Airstrike by Vehumet.
  6320 | D:9      | Found a bloodstained altar of Trog.
  6409 | D:9      | Noticed Grum
  6420 | D:9      | Killed Grum
  6430 | D:9      | Learned a level 4 spell: Airstrike
  6522 | D:9      | Noticed a two-headed ogre
  6526 | D:9      | Killed a two-headed ogre
  6527 | D:9      | Reached XP level 11. HP: 44/81 MP: 19/22
  6630 | D:9      | Reached skill level 5 in Conjurations
  6630 | D:9      | Reached skill level 5 in Hexes
  6630 | D:9      | Reached skill level 5 in Summonings
  6630 | D:9      | Reached skill level 5 in Necromancy
  6630 | D:9      | Reached skill level 5 in Translocations
  6630 | D:9      | Reached skill level 5 in Fire Magic
  6630 | D:9      | Reached skill level 5 in Ice Magic
  6630 | D:9      | Reached skill level 5 in Air Magic
  6630 | D:9      | Reached skill level 5 in Poison Magic
  6712 | D:9      | Found Onnuam's Distillery.
  6720 | D:9      | Bought a potion of degeneration for 11 gold pieces
  6720 | D:9      | Bought a potion of heal wounds for 55 gold pieces
  6720 | D:9      | Bought a potion of heal wounds for 55 gold pieces
  6732 | D:9      | Found a stormy altar of Qazlal.
  6983 | D:9      | Noticed a two-headed ogre
  6988 | D:9      | Killed a two-headed ogre
  7066 | D:10     | Entered Level 10 of the Dungeon
  7471 | D:10     | Noticed Maggie
  7476 | D:10     | Killed Maggie
  7806 | D:11     | Noticed a cyclops
  7809 | D:11     | Killed a cyclops
  7809 | D:11     | Reached **** piety under Vehumet
  7894 | D:11     | Noticed a seven-headed hydra
  7921 | D:11     | Killed a seven-headed hydra
  7937 | D:11     | Found a transporter.
  7938 | D:11     | Noticed MeatGrinder's ghost (journeyman HuBe)
  7942 | D:11     | Noticed a wolf spider
  7963 | D:11     | Found a transporter.
  7981 | D:11     | Noticed a six-headed hydra
  7983 | D:11     | Noticed a two-headed ogre
  7989 | D:11     | Offered knowledge of Iskenderun's Mystic Blast by Vehumet.
  8329 | D:11     | Noticed a deep elf pyromancer
  8349 | D:11     | Killed a two-headed ogre
  8425 | D:11     | Killed a six-headed hydra
  8426 | D:11     | Reached XP level 12. HP: 71/89 MP: 12/24
  8433 | D:11     | Learned a level 6 spell: Starburst
  8524 | D:11     | Found Ijefriet's Jewellery Shop.
  8726 | D:12     | Noticed a six-headed hydra
  8731 | D:12     | Killed a six-headed hydra
  8759 | D:12     | Found a gate leading to a gauntlet.
  8764 | D:12     | Noticed a two-headed ogre
  8768 | D:12     | Killed a two-headed ogre
  8770 | Gauntlet | Entered a Gauntlet
  8770 | Gauntlet | Found a transporter.
  8770 | Gauntlet | Found a runed translucent gate.
  8770 | Gauntlet | Found a transporter.
  8772 | Gauntlet | Found a transporter.
  8772 | Gauntlet | Found a transporter.
  8773 | Gauntlet | Found a runed translucent gate.
  8774 | Gauntlet | Found a runed translucent gate.
  8776 | Gauntlet | Found a transporter.
  8776 | Gauntlet | Found a transporter.
  8777 | Gauntlet | Noticed a tengu warrior
  8779 | Gauntlet | Noticed a tengu warrior
  8808 | Gauntlet | Found a transporter.
  8809 | Gauntlet | Found the +3 robe of Clouds {+Thunder rCloud rElec}
  8812 | Gauntlet | Found a transporter.
  8814 | Gauntlet | Noticed a seven-headed hydra
  8828 | Gauntlet | Found a transporter.
  8833 | Gauntlet | Found a runed translucent door.
  8843 | Gauntlet | Found a transporter.
  8854 | Gauntlet | Found a transporter.
  8858 | Gauntlet | Found a transporter.
  8902 | Gauntlet | Killed a tengu warrior
  8946 | Gauntlet | Identified the ring "Ratyabli" {Ice rElec Will+++ rCorr
                  | MP+9 Stlth-}
  9200 | Gauntlet | Noticed a minotaur
  9203 | Gauntlet | Killed a minotaur
  9214 | Gauntlet | Got the Incunabulum of Shape Shifting
  9466 | D:12     | Noticed a two-headed ogre
  9472 | D:12     | Killed a two-headed ogre
  9518 | D:12     | Noticed Nessos
  9522 | D:12     | Noticed a six-headed hydra
  9525 | D:12     | Killed Nessos
  9525 | D:12     | Noticed a boulder beetle
  9536 | D:12     | Killed a six-headed hydra
  9537 | D:12     | Reached XP level 13. HP: 70/98 MP: 6/26
  9632 | D:12     | Found a staircase to the Orcish Mines.
  9840 | D:13     | Found a portal to a secret trove of treasure.
  9929 | D:13     | Learned a level 5 spell: Bolt of Magma
 10033 | D:12     | Reached ***** piety under Vehumet
 10033 | D:12     | Offered knowledge of Conjure Ball Lightning by Vehumet.
 10691 | D:14     | Learned a level 5 spell: Lee's Rapid Deconstruction
 10722 | D:14     | Found a gate to the Vaults.
 10722 | D:14     | Noticed a vault guard
 10722 | D:14     | Noticed a vault guard
 10722 | D:14     | Noticed a vault guard
 10722 | D:14     | Noticed a vault guard
 10722 | D:14     | Noticed a vault guard
 10723 | D:14     | Noticed a vault guard
 10723 | D:14     | Noticed a vault guard
 10723 | D:14     | Noticed a vault guard
 10725 | D:14     | Killed a vault guard
 10726 | D:14     | Killed a vault guard
 10728 | D:14     | Killed a vault guard
 10728 | D:14     | Killed a vault guard
 10744 | D:14     | Killed a vault guard
 10745 | D:14     | Reached skill level 10 in Spellcasting
 10762 | D:14     | Killed a vault guard
 10762 | D:14     | Killed a vault guard
 10811 | D:14     | Killed a vault guard
 10921 | D:14     | Reached XP level 14. HP: 97/106 MP: 17/28
 11165 | D:14     | Reached skill level 10 in Dodging
 11499 | D:15     | Entered Level 15 of the Dungeon
 11618 | D:15     | Found a runed translucent gate.
 11618 | D:15     | Found a runed translucent gate.
 11618 | D:15     | Found a runed translucent gate.
 11847 | D:15     | Reached skill level 10 in Stealth
 11859 | D:15     | Noticed a frost giant
 12056 | D:14     | Killed a frost giant
 12141 | D:15     | Noticed Qewoiqon's ghost (adept DECj)
 12159 | D:15     | Killed Qewoiqon's ghost
 12160 | D:15     | Reached skill level 10 in Invocations
 12654 | D:15     | Found a staircase to the Depths.
 12654 | D:15     | Noticed a dire elephant
 12663 | D:15     | Killed a dire elephant
 13539 | D:8      | Noticed a golden dragon
 13539 | D:8      | an iron dragon changed into a golden dragon
 13547 | D:8      | Killed a golden dragon
 14277 | D:3      | Bought a pair of glowing gloves for 172 gold pieces
 14347 | D:7      | Bought a warped buckler for 342 gold pieces
 14347 | D:7      | Identified the +3 buckler of the Dice {Slay+3} (You bought
                  | it in a shop on level 7 of the Dungeon)
 14609 | Depths:1 | Entered Level 1 of the Depths
 14957 | Depths:1 | Found a gateway to Hell.
 14991 | Depths:1 | Found an ornate altar of the Wu Jian Council.
 15049 | Depths:1 | Found a shimmering altar of Xom.
 15098 | Depths:1 | Reached XP level 15. HP: 115/115 MP: 21/29
 15310 | Depths:1 | Noticed a frost giant
 15322 | Depths:1 | Killed a frost giant
 15474 | Depths:1 | Reached skill level 10 in Earth Magic
 15780 | Depths:2 | Reached skill level 10 in Fighting
 15780 | Depths:2 | Reached skill level 10 in Short Blades
 15780 | Depths:2 | Reached skill level 10 in Long Blades
 15780 | Depths:2 | Reached skill level 10 in Axes
 15780 | Depths:2 | Reached skill level 10 in Maces & Flails
 15780 | Depths:2 | Reached skill level 10 in Polearms
 15780 | Depths:2 | Reached skill level 10 in Staves
 15780 | Depths:2 | Reached skill level 10 in Slings
 15780 | Depths:2 | Reached skill level 10 in Bows
 15780 | Depths:2 | Reached skill level 10 in Crossbows
 15780 | Depths:2 | Reached skill level 10 in Throwing
 15780 | Depths:2 | Reached skill level 10 in Armour
 15780 | Depths:2 | Reached skill level 10 in Shields
 15780 | Depths:2 | Reached skill level 10 in Unarmed Combat
 15780 | Depths:2 | Reached skill level 10 in Evocations
 16067 | Depths:2 | Offered knowledge of Iskenderun's Battlesphere by Vehumet.
 16556 | Depths:2 | Identified the +7 demon whip "Poextoll" {flame, *Slow MP+9
                  | Dex+9 Stlth+}
 16829 | Depths:2 | Found a burning altar of Makhleb.
 16883 | Depths:2 | Noticed a fire giant
 16896 | Depths:2 | Killed a fire giant
 17030 | Depths:1 | HP: 3/117 [sun demon (15)]
 17030 | Depths:1 | HP: 1/117 [sun demon (2)]
 17370 | Depths:2 | Reached XP level 16. HP: 114/123 MP: 16/31
 17747 | Depths:1 | Learned a level 5 spell: Iskenderun's Battlesphere
 18030 | Depths:2 | Found a sacrificial altar of Ru.
 18331 | Depths:2 | Found a gateway to a ziggurat.
 18389 | Depths:2 | Found an opulent altar of Gozag.
 18485 | Depths:2 | Reached XP level 17. HP: 90/130 MP: 32/32
 18486 | Depths:2 | Reached XP level 18. HP: 96/138 MP: 32/34
 18565 | Depths:2 | Noticed a tentacled monstrosity
 18571 | Depths:2 | Killed a tentacled monstrosity
 18603 | Depths:2 | Found an ornate altar of the Wu Jian Council.
 18607 | Depths:2 | Found a one-way gate to the infinite horrors of the Abyss.
 18925 | Depths:2 | Noticed a juggernaut
 18938 | Depths:2 | Killed a juggernaut
 18939 | Depths:2 | Reached skill level 10 in Transmutations
 19023 | Depths:2 | Noticed a quicksilver dragon
 19027 | Depths:2 | Noticed Aizul
 19030 | Depths:2 | Noticed an Ice Fiend
 19078 | Depths:2 | Killed from afar by a spriggan air mage

Illustrated notes

Levels and vault maps discovered:
D:1:      eino_arrival_cavern_b, layout_basic,
          hellmonk_ecumenical_altar_heavens_door
D:2:      layout_basic
D:3:      layout_basic, nemelex_diamond_rough_becter, serial_shops, shop,
          uniq_ijyb, uniq_sigmund
D:4:      layout_layer_cave, cheibrodos_ashenzari_chains,
          minmay_temple_entry_tees, uniq_natasha
D:5:      layout_basic, mainiacjoe_overflow_24_doors,
          gammafunk_temple_overflow_wave, item_on_display_a
D:6:      hangedman_cross_stitches, layout_gridville, uniq_pikel
D:7:      layout_cave_pools, mainiacjoe_overflow_surrounded_room,
          marbit_many_paths, serial_shops, nicolae_shop_statue_plus, uniq_harold
D:8:      layout_cave_pods, minmay_lair_entry_lava
D:9:      layout_basic, mainiacjoe_overflow_boulevard, grunt_qazlal_clouds,
          serial_shops, shop, kennysheep_nondescript, uniq_grum
D:10:     layout_gridville, uniq_maggie
D:11:     layout_rooms, serial_shops, kennysheep_mini, gammafunk_ghost_arena,
          nrook_mini_vaults, minmay_misc_feat_rows
D:12:     layout_rooms, david_orc_3, gauntlet_entry_generic, uniq_nessos
D:13:     layout_loops_ring, trove_entry_hex_spiral
D:14:     layout_roguey, erik_vaults_2, dk_noncrumbling_2
D:15:     hangedman_depths_entry_try_elsewhere_first, layout_loops_ring,
          gammafunk_ghost_icy, minivault_4, serial_co_window_serial,
          co_window_of_opportunity_a, co_window_paths_b, co_window_paths_a,
          co_window_corner_a, co_window_paths_a, co_window_unsneaky_path_e,
          co_window_of_opportunity_c, co_window_cross_3, co_window_corner_cb,
          co_window_unsneaky_path_c, co_window_unsneaky_path_c,
          co_window_paths_c, glass_columns_a, glass_columns_b, glass_columns_a,
          glass_columns_a
Temple:   cyrus_circular_temple
Depths:1: layout_basic, pdpol_wu_jian_five_deadly_venoms, hell_entry,
          xom_teletrap_fun
Depths:2: grunt_profane_halls [grunt_profane_temple_coc,
          grunt_profane_temple_dis, grunt_profane_temple_geh,
          grunt_profane_temple_tar, grunt_profane_loot], abyss_entry,
          hell_entry, uniq_aizul

Skill      XL: |  1  2  3  4  5  6  7  8  9 10 11 12 13 14 15 16 17 18 |
---------------+-------------------------------------------------------+-----
Transmutations | 2 3 4 5 6 7 8 9 10 | 10.0
Spellcasting   | 5 6 7 8 9 10 11 12 | 12.3
Invocations    | 1 2 3 4 5 6 7 8 9 10 11 12 | 12.3
Fighting       | 1 2 3 4 5 6 7 8 9 10 11 | 11.4
Short Blades   | 1 2 3 4 5 6 7 8 9 10 11 | 11.4
Long Blades    | 1 2 3 4 5 6 7 8 9 10 11 | 11.4
Axes           | 1 2 3 4 5 6 7 8 9 10 11 | 11.4
Maces & Flails | 1 2 3 4 5 6 7 8 9 10 11 | 11.4
Polearms       | 1 2 3 4 5 6 7 8 9 10 11 | 11.4
Staves         | 1 2 3 4 5 6 7 8 9 10 11 | 11.4
Slings         | 1 2 3 4 5 6 7 8 9 10 11 | 11.4
Bows           | 1 2 3 4 5 6 7 8 9 10 11 | 11.4
Crossbows      | 1 2 3 4 5 6 7 8 9 10 11 | 11.4
Throwing       | 1 2 3 4 5 6 7 8 9 10 11 | 11.4
Armour         | 1 2 3 4 5 6 7 8 9 10 11 | 11.4
Shields        | 1 2 3 4 5 6 7 8 9 10 11 | 11.4
Unarmed Combat | 1 2 3 4 5 6 7 8 9 10 11 | 11.4
Evocations     | 1 2 3 4 5 6 7 8 9 10 11 | 11.4
Conjurations   | 1 2 3 4 5 6 7 8 9 |  9.7
Hexes          | 1 2 3 4 5 6 7 8 9 |  9.7
Summonings     | 1 2 3 4 5 6 7 8 9 |  9.7
Necromancy     | 1 2 3 4 5 6 7 8 9 |  9.7
Translocations | 1 2 3 4 5 6 7 8 9 |  9.7
Fire Magic     | 1 2 3 4 5 6 7 8 9 |  9.7
Ice Magic      | 1 2 3 4 5 6 7 8 9 |  9.7
Air Magic      | 1 2 3 4 5 6 7 8 9 |  9.7
Poison Magic   | 1 2 3 4 5 6 7 8 9 |  9.7
Dodging        | 5 6 7 8 9 10 11 12 | 12.2
Stealth        | 5 6 7 8 9 10 11 12 | 12.1
Earth Magic    | 6 7 8 9 10 11 | 11.1

Action                   |  1- 3 |  4- 6 |  7- 9 | 10-12 | 13-15 | 16-18 || total
-------------------------+-------+-------+-------+-------+-------+-------++-------
Melee: Unarmed           |    21 |       |    16 |       |       |       ||    37
       Staff             |       |    38 |    63 |   122 |    97 |    13 ||   333
       Bite              |       |     4 |     9 |    13 |     4 |     1 ||    31
       Punch             |       |       |     1 |     3 |       |       ||     4
 Cast: Sandblast         |    57 |    32 |    74 |    92 |       |     2 ||   257
       Stone Arrow       |       |     7 |    33 |   198 |    17 |     1 ||   256
       Starburst         |       |       |       |     9 |       |       ||     9
       Bolt of Magma     |       |       |       |       |   272 |   109 ||   381
       Lee's Rapid Decon |       |       |       |       |    41 |     6 ||    47
       Iskenderun's Batt |       |       |       |       |       |     2 ||     2
Evoke: Wand              |       |       |     5 |     2 |     9 |     1 ||    17
       Condenser vane    |       |       |       |       |     2 |       ||     2
  Use: Scroll            |       |       |     8 |    10 |     6 |     6 ||    30
       Potion            |       |       |     3 |     5 |     2 |     4 ||    14
 Stab: Sleeping          |       |       |     2 |     2 |       |       ||     4
       Distracted        |       |       |     1 |       |       |       ||     1
Armor: Robe              |    13 |    19 |    24 |    15 |       |       ||    71
       Skin              |       |       |    14 |       |       |       ||    14
       Leather armour    |       |       |       |    24 |    60 |    17 ||   101
       Steam dragon scal |       |       |       |    40 |       |       ||    40
Dodge: Dodged            |    31 |    34 |    71 |   151 |    99 |    28 ||   414
Block: Kite shield       |       |       |       |       |    81 |    28 ||   109
